Map: Prion Terraces

Players

LilDicky

  • Race: Terran Terran
  • League: Diamond

Elric - Winner!

  • Race: Zerg Zerg

VOD

http://www.twitch.tv/tumescentpie

Description

Time

  • Played on: Nov. 28, 2015, 12:47 a.m.
  • Length: 25:35
Show
View Real Time Build Order
Export as new Build Order

LilDicky Terran 

Build Orders:  

Get SALT Encoding   

  12  0:01  SCV  
  13  0:13  SCV  
  14  0:20  Supply Depot  
  14  0:26  SCV  
  15  0:29  Refinery  
  15  0:42  SCV  
  16  0:45  Barracks  
  16  0:54  SCV  
  17  1:08  SCV  
  18  1:20  Supply Depot, SCV  
  19  1:32  SCV  
  20  1:44  Reaper  
  20  1:47  Orbital Command  
  21  2:05  Command Center  
  21  2:10  Supply Depot  
  21  2:13  SCV  
  22  2:29  SCV  
  23  2:35  Factory  
  23  2:36  Refinery, Marine  
  24  2:42  SCV  
  25  2:55  Marine  
  26  2:58  SCV  
  27  3:10  SCV  
  28  3:13  Supply Depot  
  28  3:17  Marine  
  29  3:23  SCV  
  30  3:28  Factory Tech Lab  
  30  3:29  Starport  
  30  3:34  Marine  
  30  3:35  SCV  
  30  3:36  Engineering Bay  
  30  3:38  SCV  
  30  3:39  Bunker  
  33  3:47  SCV  
  34  3:52  SCV  
  35  3:59  SCV  
  36  4:04  Refinery  
  37  4:10  Refinery  
  37  4:11  Planetary Fortress, SCV  
  35  4:38  Banshee, Cloaking Field  
  38  4:40  SCV  
  39  4:52  SCV  
  40  4:55  SCV  
  40  4:56  Command Center  
  40  4:58  Supply Depot, Marine  
  42  5:00  Factory Tech Lab  
  42  5:02  Factory Reactor  
  42  5:05  SCV  
  42  5:07  Barracks x2  
  43  5:10  SCV  
  44  5:16  Marine  
  44  5:17  SCV  
  46  5:22  SCV  
  46  5:25  Banshee  
  49  5:29  SCV  
  50  5:36  Supply Depot  
  50  5:38  Marine  
  50  6:10  SCV  
  51  6:15  Hellion x2  
  55  6:24  Marine  
  54  6:26  Barracks Tech Lab  
  54  6:27  Barracks Tech Lab, Barracks  
  54  6:30  SCV x2  
  54  6:31  Barracks  
  57  6:33  Orbital Command  
  57  6:39  Command Center  
  56  6:42  SCV, Marine  
  56  6:43  SCV  
  59  6:51  Refinery  
  59  6:54  SCV  
  59  6:55  SCV  
  59  6:59  Refinery  
  59  7:00  Marine  
  62  7:07  SCV x2  
  61  7:19  SCV x2  
  61  7:20  Siege Tank  
  61  7:21  Medivac x2  
  61  7:22  Marine x3  
  73  7:23  Marine x2  
  75  7:31  SCV  
  76  7:39  Marine  
  76  7:40  SCV x2, Marine x3  
  76  7:41  Marine  
  76  7:42  Liberator x2  
  76  7:43  SCV  
  84  7:57  Siege Tank  
  87  7:59  Marine x2  
  87  8:00  Marine  
  87  8:02  Combat Shields, Stimpack, Barracks Reactor  
  96  8:06  Barracks  
  96  8:08  Planetary Fortress  
  96  8:10  SCV x2  
  96  8:11  Command Center  
  98  8:13  Marine  
  98  8:17  SCV  
  100  8:22  Barracks Reactor  
  100  8:24  Marine  
  100  8:25  Supply Depot  
  100  8:26  Supply Depot  
  101  8:29  Siege Tank  
  101  8:31  Engineering Bay  
  101  8:33  SCV  
  105  8:34  SCV  
  105  8:38  SCV  
  107  8:42  Marine  
  107  8:47  SCV x2, Medivac x2  
  114  8:51  Barracks Reactor, Supply Depot  
  114  8:52  Marine x3  
  114  8:54  SCV x2  
  119  8:59  Barracks Reactor  
  119  9:00  Marine  
  119  9:01  Engineering Bay  
  119  9:02  SCV x2  
  122  9:03  Missile Turret  
  122  9:11  Missile Turret  
  122  9:14  SCV, Missile Turret  
  122  9:15  SCV x2  
  122  9:16  Terran Infantry Weapons Level 1  
  125  9:18  Terran Infantry Armor Level 1  
  125  9:20  Armory  
  125  9:21  SCV, Marine x3  
  125  9:22  Marine  
  130  9:27  SCV  
  100  9:57  Marine x4  
  100  9:59  Marine  
  103  10:00  Marauder x2, Marine  
  103  10:04  Marine x2  
  111  10:12  Medivac x2  
  115  10:15  Marine x4  
  115  10:17  Missile Turret, Marine  
  117  10:22  Marauder x2  
  121  10:29  Marine x2  
  121  10:30  SCV  
  121  10:31  SCV, Marine  
  121  10:32  SCV x2  
  121  10:34  Missile Turret  
  128  10:36  Missile Turret  
  128  10:38  Missile Turret x2  
  128  10:39  Marine x2  
  132  10:42  Concussive Shells  
  132  10:43  Marauder x2  
  132  10:47  Refinery, Missile Turret  
  136  10:51  Refinery  
  136  10:54  Siege Tank  
  136  10:55  Marine x2, Medivac x2  
  136  10:56  Marine x2  
  145  11:04  Marauder  
  147  11:11  Missile Turret  
  147  11:12  Planetary Fortress  
  147  11:17  Missile Turret  
  147  11:20  Supply Depot  
  147  11:21  Supply Depot  
  147  11:23  Supply Depot, Marine  
  147  11:24  Supply Depot  
  147  11:25  Marauder  
  147  11:32  Marine x2  
  147  11:37  Marine x4  
  147  11:38  Marauder, Terran Infantry Armor Level 2, Terran Infantry Weapons Level 2, Medivac  
  147  11:39  Marine  
  156  11:41  Marine  
  156  11:46  Marine  
  158  11:47  Starport  
  158  11:49  Starport  
  158  11:50  Marine  
  159  11:59  Marauder  
  159  12:12  Missile Turret  
  128  12:27  Marine x5  
  128  12:29  Marauder  
  133  12:31  Marine x2  
  133  12:32  Marauder  
  133  12:34  Marine  
  132  12:39  Medivac x3  
  136  12:44  Marine  
  136  12:45  Marine x4  
  136  12:48  Marine  
  136  12:49  Marine  
  136  12:50  Marauder  
  145  12:52  Marine  
  145  12:53  Marauder  
  148  13:02  Marine x2  
  148  13:03  Siege Tank, Marine x2  
  148  13:04  Missile Turret x2  
  155  13:06  Missile Turret  
  155  13:07  Missile Turret  
  155  13:08  Missile Turret  
  155  13:09  Missile Turret, Medivac  
  155  13:11  Missile Turret  
  155  13:12  Terran Vehicle And Ship Armor Level 1, Marine, Marauder  
  160  13:13  Command Center  
  160  13:15  Missile Turret, Marauder  
  160  13:18  Medivac  
  160  13:19  Starport Reactor  
  164  13:20  Marine  
  164  13:22  Marine x2  
  167  13:30  Marine x2  
  167  13:33  Missile Turret, Marauder  
  171  13:35  Siege Tank  
  171  13:36  Marauder  
  171  13:38  Marine x2  
  171  13:39  Medivac, Refinery x2, Marine  
  157  13:54  Marauder, Marine x2  
  157  13:55  Marine x3  
  131  13:56  Marine x3  
  131  13:57  Marine  
  127  14:12  Marine x2  
  127  14:13  Marine x3  
  127  14:14  Marine x3  
  127  14:15  Marauder  
  127  14:16  Marauder  
  133  14:22  Missile Turret  
  132  14:27  Command Center  
  132  14:29  Terran Infantry Weapons Level 3  
  132  14:30  Terran Infantry Armor Level 3, Marine x2  
  132  14:31  Marine x3  
  137  14:32  Marine x3  
  137  14:33  Planetary Fortress  
  137  14:36  Missile Turret, Marauder  
  137  14:37  Marauder  
  144  14:48  Marine x5  
  144  14:50  Marine  
  144  14:51  Marine x2  
  152  14:58  Marauder  
  152  14:59  Marauder  
  156  15:00  Missile Turret  
  156  15:01  SCV x3  
  156  15:06  Marine x4  
  163  15:15  Marine  
  163  15:16  Marine x3  
  163  15:19  Marauder  
  163  15:20  Marauder  
  171  15:22  Orbital Command  
  168  15:31  Missile Turret  
  168  15:32  Missile Turret  
  168  15:33  Missile Turret  
  168  15:34  Marine, Missile Turret, Medivac x4  
  168  15:35  Marine x4  
  179  15:36  Marine x3  
  179  15:41  Marauder  
  165  15:57  Marine x2  
  165  15:58  Marine x6  
  165  15:59  Marauder  
  165  16:00  Planetary Fortress  
  165  16:02  Marauder  
  177  16:07  Refinery  
  175  16:13  Missile Turret x2  
  175  16:15  Missile Turret, Marine x2  
  175  16:16  Marine x6  
  175  16:17  Refinery x2  
  173  16:20  Marauder  
  173  16:23  Marauder  
  171  16:33  Marine x2  
  171  16:34  Marine x6  
  172  16:42  Marauder  
  172  16:45  Marauder  
  176  16:51  Marine x5  
  176  16:52  Marine x3  
  182  17:03  Marauder  
  182  17:06  Marauder  
  179  17:24  Marauder  
  179  17:27  Marine  
  179  17:28  Marine x2, Marauder  
  180  17:33  Marine x2  
  180  17:35  Marine x2  
  179  17:37  Marine  
  176  17:46  Marauder  
  176  17:49  Marauder  
  176  17:50  Marine x2  
  178  17:54  Medivac x3  
  178  17:55  Siege Tank  
  178  17:57  Marine x2  
  169  18:07  Marauder  
  169  18:10  Marauder  
  149  18:14  Marine x6  
  149  18:15  Medivac, Marine x2  
  149  18:16  SCV  
  148  18:23  Medivac  
  148  18:24  Medivac x2  
  138  18:29  Marauder  
  138  18:32  Marauder, Marine x4  
  138  18:33  Marine x2  
  148  18:38  Command Center  
  148  18:43  Marine x2  
  148  18:45  Medivac  
  148  18:46  Siege Tank  
  148  18:48  SCV  
  156  18:50  Marauder  
  156  18:52  Missile Turret, Marine x2  
  156  18:53  Medivac, Marauder  
  142  19:10  Marine x2  
  142  19:11  Marauder  
  142  19:14  Marauder, Marine x2  
  142  19:15  Missile Turret  
  141  19:18  Missile Turret  
  141  19:19  Siege Tank  
  141  19:20  Marine x2  
  141  19:21  Missile Turret  
  146  19:33  Marauder  
  146  19:34  Marine  
  146  19:36  Marauder  
  141  19:52  Missile Turret  
  130  20:02  Missile Turret  
  130  20:03  Missile Turret  
  130  20:04  Marine x4  
  130  20:05  Missile Turret, Marine x6  
  130  20:06  Missile Turret  
  128  20:13  Planetary Fortress  
  125  20:18  Refinery  
  125  20:22  Medivac, Marine x3  
  130  20:34  Thor  
  130  20:53  Marine  
  130  20:54  Marine x3  
  110  20:57  Marine  
  110  20:58  Marine x5  
  112  21:11  Marine x2  
  112  21:12  Marine x2  
  112  21:15  Marine  
  112  21:16  Marine x3  
  120  21:22  Marine  
  120  21:23  Marine  
  118  21:29  Marine x2  
  118  21:30  Marine  
  106  21:34  Marauder  
  90  21:41  Marauder  
  83  22:03  Marine  
  84  22:08  Marine  
  84  22:10  Marine x3  
  88  22:34  Liberator x4  
  88  22:46  Marine x10  
  110  23:02  Missile Turret x2  
  110  23:03  Marine  
  110  23:04  Missile Turret, Marine x7  
  110  23:05  Marauder x2  
  117  23:16  Liberator  
  117  23:17  Liberator x3  
  102  23:21  Marine  
  102  23:24  SCV, Marine  
  102  23:25  Marine  
  102  23:26  Marauder x2  
  106  23:28  SCV x2  
  108  23:36  SCV  
  118  23:47  Marauder x2  
  118  23:48  SCV  
  120  24:06  Marine x2  
  120  24:09  Marauder x2  
  120  24:10  Marine  
  115  24:23  Marine x3  
  115  24:24  Marine  
  85  24:26  Marine x2  
  85  24:29  Marine x2  
  85  24:30  Marauder x2  
  89  24:41  Marine x2  
  91  24:47  SCV  
  91  24:49  Marine  
Show
View Real Time Build Order
Export as new Build Order

Elric Zerg - Winner!

Build Orders: Hatch First, Lurkers, Muta Ling Bane 

Get SALT Encoding   

  12  0:01  Drone  
  13  0:08  Drone  
  14  0:17  Overlord  
  14  0:23  Drone, Extractor  
  15  0:35  Drone x2  
  17  0:56  Hatchery  
  16  0:58  Drone  
  16  1:02  Extractor  
  16  1:03  Drone  
  17  1:19  Spawning Pool  
  16  1:27  Drone x2  
  18  1:40  Overlord  
  18  1:41  Drone  
  19  1:53  Drone  
  20  2:08  Queen x2  
  24  2:09  Zergling x2  
  24  2:10  Zergling x2  
  26  2:29  Metabolic Boost  
  26  2:40  Drone x4  
  30  2:48  Queen  
  30  2:49  Overlord  
  30  2:51  Drone  
  33  2:59  Drone x2  
  33  3:02  Drone  
  36  3:08  Overlord  
  36  3:12  Drone  
  37  3:13  Drone  
  38  3:27  Hatchery  
  38  3:32  Drone x2  
  38  3:33  Roach Warren  
  38  3:38  Drone  
  38  3:39  Drone x2  
  41  3:42  Drone x2  
  41  3:45  Drone  
  44  3:49  Overlord  
  44  3:58  Extractor  
  44  3:59  Drone, Extractor  
  44  4:00  Drone x3  
  44  4:02  Overlord  
  46  4:36  Roach x6  
  56  4:49  Roach x2  
  56  4:51  Queen x3  
  66  4:54  Overlord x3  
  66  4:59  Zergling x2  
  67  5:04  Spine Crawler  
  66  5:07  Ravager  
  66  5:08  Ravager x2  
  66  5:13  Ravager  
  70  5:15  Drone, Zergling x6  
  70  5:16  Drone  
  70  5:17  Drone x2  
  70  5:18  Drone x3  
  80  5:24  Drone x2  
  80  5:28  Ravager  
  83  5:32  Drone  
  84  5:40  Drone x5  
  84  5:42  Drone x3  
  92  5:50  Spore Crawler  
  92  5:51  Spore Crawler  
  92  5:52  Lair  
  65  6:27  Drone x2  
  65  6:28  Extractor  
  65  6:29  Extractor  
  65  6:38  Overlord x3  
  65  6:43  Spore Crawler  
  65  6:44  Drone x2  
  65  6:45  Drone x4  
  70  6:48  Extractor  
  70  6:51  Hatchery, Baneling Nest  
  70  6:53  Hydralisk Den  
  64  7:18  Queen  
  64  7:20  Zergling x6  
  64  7:21  Overseer  
  69  7:25  Drone x3  
  70  7:41  Zergling x2  
  70  7:43  Lurker Den  
  71  7:45  Centrifical Hooks  
  71  7:47  Drone x5, Spire  
  75  7:52  Evolution Chamber x2  
  75  7:56  Drone x2  
  75  7:58  Drone x2  
  77  8:04  Drone x2  
  77  8:05  Drone x2, Queen  
  83  8:06  Drone  
  83  8:08  Drone, Pneumatized Carapace  
  85  8:24  Zergling x4  
  85  8:25  Zerg Melee Weapons Level 1  
  87  8:31  Zerg Ground Armor Level 1  
  87  8:32  Zergling x12  
  87  8:34  Baneling x8  
  93  8:35  Hydralisk  
  93  8:36  Hydralisk x6  
  107  8:53  Spine Crawler x2  
  107  8:54  Spine Crawler  
  104  8:59  Mutalisk x6  
  116  9:03  Drone  
  116  9:05  Extractor  
  116  9:06  Extractor  
  115  9:12  Zergling x2  
  115  9:13  Zergling x18  
  125  9:19  Hatchery, Overseer  
  125  9:23  Zerg Flyer Weapons Level 1  
  124  9:26  Mutalisk x2  
  124  9:27  Overlord x3  
  124  9:28  Overlord x2  
  106  9:47  Mutalisk  
  106  9:48  Mutalisk x2  
  103  9:54  Zergling x2  
  103  9:55  Zergling x2  
  101  10:01  Mutalisk x2  
  101  10:02  Mutalisk x2  
  101  10:03  Drone x6, Queen  
  115  10:21  Drone x3  
  115  10:22  Drone x5  
  115  10:24  Lurker  
  115  10:25  Hydralisk  
  115  10:26  Hydralisk  
  115  10:28  Zerg Melee Weapons Level 2  
  128  10:29  Hydralisk  
  128  10:34  Queen  
  132  10:39  Queen  
  134  10:43  Spine Crawler  
  134  10:44  Spore Crawler  
  134  10:45  Baneling  
  134  10:46  Baneling x6  
  134  10:48  Mutalisk x2  
  134  10:49  Mutalisk  
  138  10:52  Baneling x3  
  138  11:04  Lurker x2, Extractor  
  138  11:05  Lurker  
  138  11:08  Zergling x16  
  138  11:09  Zergling x20  
  158  11:13  Hatchery  
  155  11:37  Hatchery  
  155  11:38  Mutalisk x2  
  155  11:39  Hydralisk  
  158  11:41  Hydralisk  
  162  11:49  Extractor  
  161  11:55  Zerg Ground Armor Level 2  
  158  12:01  Zergling x2  
  158  12:02  Baneling x3  
  158  12:03  Baneling  
  143  12:21  Mutalisk  
  143  12:22  Mutalisk  
  137  12:34  Drone x7  
  144  12:38  Mutalisk x3  
  144  12:41  Drone x3  
  153  12:51  Baneling  
  153  12:52  Baneling x13  
  153  12:56  Zerg Missile Weapons Level 1  
  153  13:06  Infestation Pit  
  154  13:15  Zergling x2  
  154  13:16  Overlord x2, Zergling x36  
  154  13:17  Overseer  
  161  14:11  Hatchery  
  160  14:17  Lurker  
  160  14:22  Hydralisk  
  160  14:23  Hydralisk x5  
  171  15:02  Overlord x2  
  171  15:03  Overlord x3  
  171  15:09  Hive  
  171  15:10  Zerg Flyer Armor Level 1  
  171  15:11  Hatchery, Zerg Missile Weapons Level 2  
  171  15:13  Muscular Augments  
  170  15:14  Hydralisk x2  
  170  15:16  Lurker x2  
  170  15:17  Lurker x4  
  173  15:36  Lurker  
  174  15:50  Zergling x6  
  174  15:51  Zergling x34  
  174  15:56  Zergling x2  
  178  16:18  Mutalisk x2  
  178  16:19  Mutalisk x2  
  186  16:49  Mutalisk x3  
  187  16:55  Lurker x2  
  187  17:00  Drone x3  
  191  17:04  Zerg Flyer Weapons Level 2  
  172  17:30  Mutalisk  
  172  17:31  Mutalisk x2  
  175  17:37  Hatchery  
  174  17:45  Spawning Pool  
  174  17:50  Roach Warren  
  172  17:52  Zerg Ground Armor Level 3, Zerg Melee Weapons Level 3  
  172  17:58  Ultralisk Cavern  
  172  18:02  Zergling x2  
  163  18:08  Mutalisk x3  
  163  18:10  Zergling x2  
  163  18:11  Zergling x14  
  149  18:23  Drone x4  
  149  18:25  Mutalisk x4  
  158  18:34  Zergling x2  
  158  18:36  Zergling x4  
  158  18:37  Baneling  
  158  18:38  Baneling x13  
  158  18:40  Queen  
  163  18:45  Chitinous Plating  
  163  18:47  Ultralisk x3  
  163  18:48  Ultralisk x2  
  193  18:54  Extractor x2  
  167  19:21  Zergling x2  
  167  19:22  Zergling x8  
  172  19:24  Ultralisk  
  172  19:25  Ultralisk x3, Corruptor  
  198  19:35  Drone  
  184  19:53  Zergling x4  
  184  19:54  Zergling x18  
  191  20:04  Mutalisk x2  
  191  20:05  Mutalisk x2  
  193  20:13  Zergling x4  
  195  20:17  Baneling x4  
  195  20:18  Baneling x9  
  195  20:20  Adrenal Glands  
  195  20:26  Hatchery  
  148  21:31  Ultralisk x3, Zergling x2  
  148  21:32  Zergling x22  
  147  21:51  Mutalisk x4  
  155  22:14  Baneling x2  
  155  22:15  Baneling x6  
  153  23:31  Zergling x4  
  153  23:32  Zergling x14  
  162  23:35  Drone x2  
  162  23:36  Drone x3  
  167  23:53  Corruptor x4  
  167  23:54  Corruptor x3  
  181  24:09  Baneling x5  
  163  24:10  Baneling x2  
  146  24:30  Zergling x2  
  146  24:31  Zergling x22  
  152  24:42  Queen  
  152  24:43  Extractor  
  152  24:44  Extractor  
Tags
 
Add a new tag
Caveats
  • Supply blocks, unpowered buildings, or Contaminate may cause inaccurate times.
  • Supply counts are checked every 10 seconds.